[Event "ICC tourney 2140 (3 2)"]
[Site "Internet Chess Club"]
[Date "2020.11.20"]
[Round "3"]
[White "Gukesh"]
[Black "jefferyx"]
[Result "0-1"]
[ICCResult "White resigns"]
[WhiteElo "1863"]
[BlackElo "2775"]
[Opening "Robatsch defense"]
[ECO "A40"]
[NIC "KF.05"]
[Time "20:26:52"]
[TimeControl "180+2"]

1. d4 g6 2. e4 Bg7 3. Nc3 a6 4. Be3 d6 5. Qd2 b5 6. h4 h5 7. f3 Bb7 8. Nh3
Nd7 9. Ng5 Ngf6 10. O-O-O e6 11. a3 Qe7 12. Kb1 Nb6 13. Be2 Nfd7 14. f4 Nf6
15. d5 exd5 16. Bxb6 cxb6 17. e5 dxe5 18. fxe5 Ne4 19. Ncxe4 dxe4 20. e6 f6
21. Qd7+ Qxd7 22. Rxd7 fxg5 23. Rxg7 O-O-O 24. hxg5 Rhg8 25. Rxg8 Rxg8 26.
Rf1 Bd5 27. Rf6 Kd8 28. e7+ Kxe7 29. Rxb6 Rf8 30. Kc1 Rf2 31. Kd1 Rxg2 32.
Rxg6 h4 33. Rh6 e3 34. c4 Be4 35. Bf1 Bf3+ 36. Kc1 Rg1 {White resigns} 0-1

[Event "ICC tourney 2140 (3 2)"]
[Site "Internet Chess Club"]
[Date "2020.11.20"]
[Round "3"]
[White "manest"]
[Black "AramWU"]
[Result "1/2-1/2"]
[ICCResult "Game drawn because neither player has mating material"]
[WhiteElo "2673"]
[BlackElo "2094"]
[Opening "Nimzovich-Larsen attack: classical variation"]
[ECO "A01"]
[NIC "VO.08"]
[Time "20:27:06"]
[TimeControl "180+2"]

1. b3 d5 2. Bb2 Bf5 3. Nf3 e6 4. g3 Nf6 5. Bg2 Be7 6. O-O h6 7. d3 Bh7 8.
Nbd2 O-O 9. Qe1 a5 10. a3 c5 11. e4 a4 12. Ne5 axb3 13. cxb3 Nbd7 14. Qe2
Nxe5 15. Bxe5 Qb6 16. a4 Rfd8 17. Rfd1 Qa6 18. Rac1 Rac8 19. Ba1 b5 20. exd5
Nxd5 21. axb5 Qxb5 22. Be4 Bxe4 23. Qxe4 Bf6 24. Bxf6 Nxf6 25. Qc4 Qxc4 26.
Nxc4 Rb8 27. Ne5 Rxb3 28. Rxc5 Rb7 29. d4 Nd7 30. Rcc1 Nxe5 31. dxe5 Rxd1+
32. Rxd1 Rb5 33. f4 Rb2 34. h4 Kh7 35. h5 g6 36. Rd7 Kg7 37. hxg6 Kxg6 38.
Rc7 h5 39. Ra7 Rc2 40. Rb7 Ra2 41. Rc7 Rd2 42. Ra7 Rc2 43. Rb7 Ra2 44. Rc7
Rb2 45. Ra7 Re2 46. Rb7 h4 47. gxh4 Re4 48. h5+ Kxh5 49. Rxf7 Kg4 50. Rf6
Kg3 51. Rg6+ Kxf4 52. Rxe6 Rxe5 53. Rxe5 Kxe5
{Game drawn because neither player has mating material}
1/2-1/2

[Event "ICC tourney 2140 (3 2)"]
[Site "Internet Chess Club"]
[Date "2020.11.20"]
[Round "3"]
[White "FivePlyGuy"]
[Black "BamBam42"]
[Result "1-0"]
[ICCResult "Black resigns"]
[WhiteElo "1668"]
[BlackElo "1297"]
[Opening "Réti opening"]
[ECO "A11"]
[NIC "QP.09"]
[Time "20:27:06"]
[TimeControl "180+2"]

1. Nf3 d5 2. c4 c6 3. cxd5 cxd5 4. g3 e6 5. Bg2 Nf6 6. O-O Bd6 7. d3 O-O 8.
Nbd2 Bd7 9. a3 a5 10. b3 b5 11. Bb2 Qb6 12. Rc1 Na6 13. Ne5 Be8 14. Ndf3 b4
15. a4 Nc5 16. Re1 Nfd7 17. h3 f6 18. Nxd7 Nxd7 19. e4 Bf7 20. exd5 exd5 21.
Qd2 Rac8 22. Nd4 Be5 23. Nb5 Rxc1 24. Rxc1 Nc5 25. Bxe5 Nxb3 26. Bd4 Nxd4
27. Nxd4 Qxd4 28. Rc7 Bg6 29. Bf1 Qa1 30. Rd7 Qxa4 31. Rxd5 Qb3 32. Rxa5 Qc3
33. Qxc3 bxc3 34. Rc5 Rd8 35. Rxc3 Kf7 36. Be2 Ke6 37. f4 Kd5 38. Kf2 Kd4
39. Ra3 Rd7 40. g4 Bf7 41. f5 g6 42. fxg6 Bxg6 43. Ra6 Kc3 44. Rxf6 Bxd3 45.
Bxd3 Rxd3 46. Rf3 Kd4 47. Rxd3+ Kxd3 48. Kf3 Kd4 49. Kf4 Kd5 50. Kf5 Kd6 51.
Kf6 Kd5 52. g5 Kd6 53. h4 Kd5 54. h5 {Black resigns} 1-0

[Event "ICC tourney 2140 (3 2)"]
[Site "Internet Chess Club"]
[Date "2020.11.20"]
[Round "3"]
[White "searchforbobby1"]
[Black "venkataralla"]
[Result "1-0"]
[ICCResult "Black forfeits on time"]
[WhiteElo "1875"]
[BlackElo "1304"]
[Opening "Sicilian: Smith-Morra gambit"]
[ECO "B21"]
[NIC "SI.47"]
[Time "20:26:54"]
[TimeControl "180+2"]

1. e4 c5 2. d4 cxd4 3. c3 Nf6 4. e5 Nd5 5. Nf3 Nc6 6. cxd4 d6 7. Bc4 e6 8.
Qe2 Be7 9. O-O O-O 10. a3 a6 11. Rd1 Qc7 12. Bd2 dxe5 13. dxe5 b5 14. Bd3
Bb7 15. Nc3 Nxc3 16. Bxc3 Rad8 17. Rac1 Rd7 18. Be4 Rfd8 19. h3 Qb6 20. Rxd7
Rxd7 21. Rd1 Qd8 22. Rxd7 Qxd7 23. Bc2 h6 24. Qe3 Qd5 25. Be4 Qd1+ 26. Kh2
Qd7 27. g4 Nd8 28. Bxb7 Nxb7 29. g5 h5 30. Bd4 Qd5 31. b4 a5 32. Bc3 axb4
33. axb4 Qc4 34. Qd2 Nd8 35. Nd4 Qd5 36. f3 Qxe5+ 37. Kg2 Bxg5 38. Qd3 Qd5
39. Qxb5 Qa2+ 40. Kf1 Qb1+ 41. Be1 Qb2 42. Qxg5 Qxd4 43. Qd2 Qf6 44. Kg2 Nc6
45. b5 Nd4 46. Qe3 Nxb5 47. Bf2 Nc3 48. Qb6 Qg5+ 49. Kf1 Nd5 50. Qb8+ Kh7
51. Qb1+ {Black forfeits on time} 1-0

[Event "ICC tourney 2140 (3 2)"]
[Site "Internet Chess Club"]
[Date "2020.11.20"]
[Round "4"]
[White "jefferyx"]
[Black "GGuseinov"]
[Result "1/2-1/2"]
[ICCResult "Game drawn by mutual agreement"]
[WhiteElo "2776"]
[BlackElo "2792"]
[Opening "King's Indian: East Indian defense"]
[ECO "A48"]
[NIC "QP.06"]
[Time "20:37:46"]
[TimeControl "180+2"]

1. d4 Nf6 2. Nf3 g6 3. Nc3 d5 4. Bf4 Bg7 5. Nb5 Na6 6. e3 c6 7. Nc3 Nb8 8.
h3 O-O 9. Be2 c5 10. O-O Nc6 11. dxc5 Qa5 12. a3 Qxc5 13. Ne5 Ne4 14. Nxc6
Nxc3 15. Nxe7+ Qxe7 16. bxc3 Be6 {Game drawn by mutual agreement} 1/2-1/2

[Event "ICC tourney 2140 (3 2)"]
[Site "Internet Chess Club"]
[Date "2020.11.20"]
[Round "4"]
[White "chesslin"]
[Black "SupaHotFiya"]
[Result "0-1"]
[ICCResult "White resigns"]
[WhiteElo "1589"]
[BlackElo "1782"]
[Opening "Queen's Pawn"]
[ECO "A41"]
[NIC "QO.17"]
[Time "20:38:12"]
[TimeControl "180+2"]

1. d4 d6 2. Bf4 g6 3. Nc3 Bg7 4. Qd2 a6 5. e4 b5 6. h3 Nd7 7. Nf3 Bb7 8. Bd3
c5 9. Qe3 cxd4 10. Nxd4 e5 11. Nde2 exf4 12. Nxf4 Ngf6 13. O-O-O O-O 14. g4
Qb6 15. Qe2 Bh6 16. Qf3 Ne5 17. Qg3 Nxd3+ 18. Rxd3 Nxe4 19. Nxe4 Bxe4 20.
Rhd1 Bxd3 21. Rxd3 Bxf4+ 22. Qxf4 Rfe8 23. b3 Rac8 24. h4 Qc5 25. c3 Qe5 26.
Qxe5 dxe5 27. Kd2 Rcd8 28. f3 f5 29. Ke3 Rxd3+ 30. Kxd3 fxg4 31. fxg4 Kf7
32. c4 bxc4+ 33. bxc4 Ke6 {White resigns} 0-1

[Event "ICC tourney 2140 (3 2)"]
[Site "Internet Chess Club"]
[Date "2020.11.20"]
[Round "4"]
[White "venkataralla"]
[Black "breaker90"]
[Result "0-1"]
[ICCResult "White resigns"]
[WhiteElo "1302"]
[BlackElo "1616"]
[Opening "King's Indian: Semi-Averbakh system"]
[ECO "E73"]
[NIC "KI.27"]
[Time "20:37:47"]
[TimeControl "180+2"]

1. d4 Nf6 2. c4 g6 3. Nc3 Bg7 4. e4 d6 5. Be2 O-O 6. Be3 Na6 7. Qd2 c5 8. d5
e6 9. f3 exd5 10. cxd5 Nc7 11. g4 b5 12. h4 b4 13. Nb5 Nxb5 14. Bxb5 h5 15.
gxh5 Nxh5 16. O-O-O Qa5 17. Bc4 Ba6 18. Bxa6 Qxa6 19. Kb1 c4 20. Bd4 c3 21.
bxc3 bxc3 22. Bxc3 Rab8+ 23. Ka1 Bxc3+ 24. Qxc3 Rfc8 25. Qd2 Qa4 26. Qd3 Nf4
27. Qd4 Rc1+ 28. Rxc1 Qxd4+ {White resigns} 0-1

[Event "ICC tourney 2140 (3 2)"]
[Site "Internet Chess Club"]
[Date "2020.11.20"]
[Round "4"]
[White "TjkTiger"]
[Black "chesssky"]
[Result "1-0"]
[ICCResult "Black resigns"]
[WhiteElo "2321"]
[BlackElo "2085"]
[Opening "English: Caro-Kann defensive system"]
[ECO "A11"]
[NIC "EO.64"]
[Time "20:37:43"]
[TimeControl "180+2"]

1. c4 c6 2. Nc3 d5 3. d4 Nf6 4. cxd5 cxd5 5. Bf4 Nc6 6. e3 a6 7. Be2 Bf5 8.
Nf3 Rc8 9. O-O e6 10. Qb3 b5 11. Nxb5 axb5 12. Bxb5 Nd7 13. Rac1 Qb6 14. Qa4
Be7 15. Rxc6 Rxc6 16. Bxc6 O-O 17. Bxd7 Qxb2 18. Qb3 Qe2 19. Bb5 {Black
resigns} 1-0

[Event "ICC tourney 2140 (3 2)"]
[Site "Internet Chess Club"]
[Date "2020.11.20"]
[Round "4"]
[White "chessrex"]
[Black "BreatheChessAls"]
[Result "1-0"]
[ICCResult "Black checkmated"]
[WhiteElo "1896"]
[BlackElo "1630"]
[Opening "Blackmar gambit"]
[ECO "D00"]
[NIC "QP.08"]
[Time "20:38:17"]
[TimeControl "180+2"]

1. d4 d5 2. e4 dxe4 3. Nc3 Nf6 4. f3 e3 5. Bxe3 e6 6. Bd3 c6 7. Nge2 Nd5 8.
Nxd5 exd5 9. O-O Bd6 10. Qd2 O-O 11. Rae1 Nd7 12. f4 Nf6 13. f5 Re8 14. Bf4
Bxf4 15. Nxf4 Ne4 16. Bxe4 dxe4 17. Nh5 Qh4 18. Ng3 Bd7 19. Rf4 Qh6 20. Qe3
Re7 21. Rxe4 Rxe4 22. Qxe4 Qd6 23. c3 h6 24. Qe5 Qf8 25. Qe7 Qc8 26. f6 g6
27. Ne4 Be6 28. Nd6 Qd8 29. Rxe6 fxe6 30. Qxe6+ Kh7 31. Qf7+ Kh8 32. Qg7#
{Black checkmated}
1-0

[Event "ICC tourney 2140 (3 2)"]
[Site "Internet Chess Club"]
[Date "2020.11.20"]
[Round "4"]
[White "searchforbobby1"]
[Black "manest"]
[Result "0-1"]
[ICCResult "White resigns"]
[WhiteElo "1875"]
[BlackElo "2673"]
[Opening "Pirc defense"]
[ECO "B07"]
[NIC "PU.08"]
[Time "20:38:32"]
[TimeControl "180+2"]

1. e4 d6 2. d4 Nf6 3. Nc3 e5 4. f4 exd4 5. Qxd4 Be7 6. Nf3 O-O 7. Be3 Nc6 8.
Qd2 Re8 9. O-O-O Bf8 10. Bd3 g6 11. h3 Bg7 12. g4 Nd7 13. h4 Nc5 14. Rdg1
Nb4 15. Bd4 Bxd4 16. Nxd4 Ncxd3+ 17. cxd3 c5 18. Nc2 Qa5 19. a3 Nxc2 20.
Qxc2 Qd8 21. h5 g5 22. f5 f6 23. Nd5 Bd7 24. Qc3 Re5 25. h6 Bc6 26. Ne3 b5
27. Re1 Qe7 28. Kb1 Re8 29. Rh2 d5 30. Rd2 d4 31. Qc2 dxe3 32. Rxe3 c4 33.
Ka1 Bb7 34. dxc4 Bxe4 35. Qb3 bxc4 36. Qxc4+ Qf7 37. Qxf7+ Kxf7 38. Rd7+
R8e7 39. Rxe7+ Rxe7 40. b4 Bxf5 41. Rxe7+ Kxe7 42. gxf5 g4 43. a4 g3 44. b5
g2 45. a5 g1=Q+ 46. Kb2 Qc5 {White resigns} 0-1

[Event "ICC tourney 2140 (3 2)"]
[Site "Internet Chess Club"]
[Date "2020.11.20"]
[Round "4"]
[White "HansNiemann"]
[Black "Kalmyk"]
[Result "1-0"]
[ICCResult "Black resigns"]
[WhiteElo "2026"]
[BlackElo "2695"]
[Opening "King's Indian: Kazakh variation"]
[ECO "E91"]
[NIC "KI.19"]
[Time "20:37:43"]
[TimeControl "180+2"]

1. Nf3 Nf6 2. c4 g6 3. Nc3 Bg7 4. e4 d6 5. d4 O-O 6. Be2 Na6 7. O-O e5 8.
Be3 c6 9. d5 Ng4 10. Bg5 f6 11. Bh4 c5 12. Ne1 h5 13. Nd3 b6 14. a3 Qd7 15.
b4 g5 16. Bg3 h4 17. h3 Nh6 18. Bh2 g4 19. hxg4 Nxg4 20. Bxg4 Qxg4 21. Qxg4
Bxg4 22. Rfc1 Rf7 23. Rab1 Bh5 24. f3 Bg6 25. f4 Rc8 26. f5 Bh5 27. Nb5 Bf8
28. Kf1 Rg7 29. Rc2 Be8 30. Rbb2 cxb4 31. axb4 Bxb5 32. cxb5 Rxc2 33. Rxc2
Nc7 34. Bg1 Nxb5 35. Bf2 Rg4 36. Rc4 Kf7 37. Be1 Bh6 38. Nf2 Rg3 39. Rc8 Rb3
40. Rb8 Rb1 41. Nd3 Nc3 42. Rb7+ Ke8 43. Rxa7 Nxe4 44. Ke2 Bg5 45. Rb7 Ra1
46. Rxb6 Kd7 47. Rb7+ Kc8 48. Rh7 Ra3 49. b5 Rb3 50. Nb4 Ng3+ 51. Kd1 Rb1+
52. Kc2 Rxe1 53. b6 Rc1+ 54. Kb2 Rc5 55. b7+ {Black resigns} 1-0

[Event "ICC tourney 2140 (3 2)"]
[Site "Internet Chess Club"]
[Date "2020.11.20"]
[Round "4"]
[White "AramWU"]
[Black "Gukesh"]
[Result "0-1"]
[ICCResult "White forfeits on time"]
[WhiteElo "2022"]
[BlackElo "1918"]
[Opening "Nimzovich-Larsen attack: modern variation"]
[ECO "A01"]
[NIC "VO.08"]
[Time "20:37:42"]
[TimeControl "180+2"]

1. b3 e5 2. Bb2 d6 3. c4 Nd7 4. g3 g6 5. Bg2 Bg7 6. Nc3 Ne7 7. d3 O-O 8. h4
h6 9. Qd2 f5 10. h5 g5 11. f4 exf4 12. gxf4 g4 13. e3 Nf6 14. Nge2 c6 15.
Ng3 Be6 16. Nce2 Qd7 17. e4 d5 18. e5 Ne8 19. Ba3 Nc7 20. Nd4 Rad8 21. Bd6
Ne8 22. cxd5 cxd5 23. Bc5 Rf7 24. Rc1 Nc6 25. Nxe6 Qxe6 26. O-O Nc7 27. b4
Na6 28. a3 Nxc5 29. Rxc5 Bf8 30. Rcc1 Be7 31. Ne2 a6 32. Qa2 Bh4 33. Rc5
Rfd7 34. Rfc1 Be7 35. Rxc6 bxc6 36. Nd4 Qf7 37. Rxc6 Qxh5 38. Ne6 Re8 39.
Bxd5 Kh8 40. Qg2 g3 41. Bf3 Qh4 42. d4 Bg5 43. fxg5 Rxe6 44. Rxe6 Qxd4+ 45.
Kh1 Qh4+ 46. Kg1 Qxg5 47. Re8+ Kg7 48. Qe2 Rd2 49. Qc4 Qe3+
{White forfeits on time}
0-1

[Event "ICC tourney 2140 (3 2)"]
[Site "Internet Chess Club"]
[Date "2020.11.20"]
[Round "5"]
[White "Kalmyk"]
[Black "chessrex"]
[Result "1-0"]
[ICCResult "Black checkmated"]
[WhiteElo "2695"]
[BlackElo "1896"]
[Opening "Philidor: Philidor counter-gambit"]
[ECO "C41"]
[NIC "KP.08"]
[Time "20:50:28"]
[TimeControl "180+2"]

1. e4 e5 2. Nf3 d6 3. d4 f5 4. exf5 e4 5. Ng5 Nf6 6. Nc3 Bxf5 7. f3 e3 8.
Bxe3 h6 9. Nge4 Nxe4 10. fxe4 Bg6 11. Qg4 Bf7 12. O-O-O Nc6 13. Bb5 a6 14.
Ba4 b5 15. Bb3 Bxb3 16. axb3 Qd7 17. Qh5+ Qf7 18. Qxf7+ Kxf7 19. Rhf1+ Kg6
20. Nd5 Rc8 21. Rf3 Ne7 22. Nf4+ Kh7 23. Ne6 Ng6 24. Rdf1 Be7 25. Rf7 Rhg8
26. g3 c5 27. h4 h5 28. R1f5 Rge8 29. Rxg7+ Kh8 30. Rxh5# {Black checkmated}
1-0

[Event "ICC tourney 2140 (3 2)"]
[Site "Internet Chess Club"]
[Date "2020.11.20"]
[Round "5"]
[White "manest"]
[Black "jefferyx"]
[Result "0-1"]
[ICCResult "White resigns"]
[WhiteElo "2662"]
[BlackElo "2787"]
[Opening "Nimzovich-Larsen attack: English variation"]
[ECO "A01"]
[NIC "VO.08"]
[Time "20:50:24"]
[TimeControl "180+2"]

1. b3 c5 2. Bb2 Nf6 3. Nf3 g6 4. Bxf6 exf6 5. c4 d5 6. cxd5 Qxd5 7. Nc3 Qd7
8. g3 Bg7 9. Bg2 O-O 10. O-O f5 11. Rc1 Na6 12. d3 Rb8 13. Nd2 b6 14. Nc4
Nc7 15. Qd2 Re8 16. Rfe1 Ba6 17. Qf4 Rbd8 18. Qf3 Bxc3 19. Rxc3 Nb5 20. Rcc1
Nd4 21. Qf4 Nxe2+ 22. Rxe2 Rxe2 23. h4 Qd4 {White resigns} 0-1

[Event "ICC tourney 2140 (3 2)"]
[Site "Internet Chess Club"]
[Date "2020.11.20"]
[Round "5"]
[White "SupaHotFiya"]
[Black "AramWU"]
[Result "0-1"]
[ICCResult "White resigns"]
[WhiteElo "1780"]
[BlackElo "2045"]
[Opening "Caro-Kann: two knights, 3...Bg4"]
[ECO "B11"]
[NIC "CK.01"]
[Time "20:50:29"]
[TimeControl "180+2"]

1. e4 c6 2. Nc3 d5 3. Nf3 Bg4 4. h3 Bxf3 5. Qxf3 e6 6. d3 Nf6 7. g3 Be7 8.
Bg2 O-O 9. O-O a5 10. g4 Nfd7 11. Qe2 a4 12. f4 a3 13. b3 Bc5+ 14. Kh1 Bd4
15. Bd2 Na6 16. Rab1 Nb4 17. Nd1 Nxc2 18. Bc3 Bxc3 19. Nxc3 Nb4 20. f5 d4
21. Nd1 e5 22. Qd2 Qa5 23. g5 Nc5 24. Nf2 Qb5 25. Rbd1 Rfe8 26. f6 g6 27.
Ng4 Ncxd3 28. Rf3 Nf4 29. Qf2 Qe2 {White resigns} 0-1

[Event "ICC tourney 2140 (3 2)"]
[Site "Internet Chess Club"]
[Date "2020.11.20"]
[Round "5"]
[White "BreatheChessAls"]
[Black "venkataralla"]
[Result "1-0"]
[ICCResult "Black checkmated"]
[WhiteElo "1634"]
[BlackElo "1298"]
[Opening "Queen's pawn: London system"]
[ECO "A45"]
[NIC "QP.07"]
[Time "20:50:23"]
[TimeControl "180+2"]

1. d4 Nf6 2. Bf4 g6 3. e3 Bg7 4. Nf3 d6 5. h3 O-O 6. Be2 Nc6 7. O-O Re8 8.
c4 Bf5 9. Nc3 e5 10. Bh2 e4 11. Nd2 d5 12. c5 Nd7 13. Rb1 Qg5 14. Kh1 Re7
15. Bxc7 Rae8 16. Nxd5 Re6 17. Bf4 Qh4 18. Nc7 Nxd4 19. Bg3 Qg5 20. Nxe6
Rxe6 21. exd4 e3 22. Nf3 Qh6 23. Bd3 e2 24. Bxe2 Bxb1 25. Bc4 Rf6 26. Qxb1
Rf5 27. Bd3 Rh5 28. Qe1 Nf6 29. Qe3 Ng4 30. Qxh6 Nxh6 31. Re1 Rd5 32. Re8+
Bf8 33. Bd6 Nf5 34. Bxf8 Nxd4 35. Bh6# {Black checkmated} 1-0

[Event "ICC tourney 2140 (3 2)"]
[Site "Internet Chess Club"]
[Date "2020.11.20"]
[Round "5"]
[White "breaker90"]
[Black "Monkeybomb3605"]
[Result "1-0"]
[ICCResult "Black resigns"]
[WhiteElo "1651"]
[BlackElo "1532"]
[Opening "Sicilian: Najdorf"]
[ECO "B90"]
[NIC "SI.14"]
[Time "20:50:32"]
[TimeControl "180+2"]

1. e4 c5 2. Nf3 d6 3. d4 cxd4 4. Nxd4 Nf6 5. Nc3 a6 6. f3 e6 7. Be3 Be7 8.
Qd2 O-O 9. O-O-O Nc6 10. g4 Nxd4 11. Bxd4 b5 12. a3 Bb7 13. g5 Nd7 14. Rg1
Rc8 15. h4 Nb6 16. h5 d5 17. g6 Bf6 18. h6 fxg6 19. hxg7 Bxg7 20. Bh3 Re8
21. Bxg7 Kxg7 22. Qd4+ Kg8 23. Qe5 Qe7 24. exd5 Nc4 25. Qxe6+ Qxe6 26. Bxe6+
Rxe6 27. dxe6 Bxf3 28. Rd3 Bc6 29. e7 Re8 30. Re1 Kf7 31. b3 Nb6 32. Rd6 b4
33. Rxc6 bxc3 34. Rxb6 {Black resigns} 1-0

[Event "ICC tourney 2140 (3 2)"]
[Site "Internet Chess Club"]
[Date "2020.11.20"]
[Round "5"]
[White "Gukesh"]
[Black "TjkTiger"]
[Result "1/2-1/2"]
[ICCResult "Game drawn by mutual agreement"]
[WhiteElo "1968"]
[BlackElo "2317"]
[Opening "Grünfeld: modern exchange variation"]
[ECO "D90"]
[NIC "GI.07"]
[Time "20:50:25"]
[TimeControl "180+2"]

1. d4 Nf6 2. Nf3 g6 3. c4 Bg7 4. Nc3 d5 5. cxd5 Nxd5 6. e4 Nxc3 7. bxc3 c5
8. Be3 Qa5 9. Qd2 Nc6 10. Rb1 a6 11. Rc1 cxd4 12. cxd4 Qxd2+ 13. Kxd2 e6 14.
h4 O-O 15. Bd3 h6 16. e5 Rd8 17. Rb1 b5 18. Rhc1 Bd7 19. Rc3 Bf8 20. Ke2 Nb4
21. Be4 Nxa2 22. Rc2 Nb4 23. Rxb4 Bxb4 24. Bxa8 Rxa8 25. Bxh6 Rc8 26. Rxc8+
Bxc8 27. Bd2 Be7 28. Ba5 Bb7 29. g3 Bd5 30. Nd2 f6 31. exf6 Bxf6 32. Kd3 e5
33. dxe5 Bxe5 34. f4 Bg7 35. Ne4 Bc4+ 36. Ke3 Bf8 37. g4 b4 38. Kd4 Be6 39.
h5 gxh5 40. f5 Bc8 41. Nf6+ Kf7 42. Nxh5 Bd7 43. Kc4 Bb5+ 44. Kb3 Be2 45.
Bxb4 Bxg4 46. Bxf8 Kxf8 47. Nf6 Bxf5 48. Kb4 {Game drawn by mutual
agreement} 1/2-1/2

[Event "ICC tourney 2140 (3 2)"]
[Site "Internet Chess Club"]
[Date "2020.11.20"]
[Round "5"]
[White "GGuseinov"]
[Black "HansNiemann"]
[Result "1-0"]
[ICCResult "Black resigns"]
[WhiteElo "2792"]
[BlackElo "2078"]
[Opening "Ruy Lopez: open Berlin defense, l'Hermet variation"]
[ECO "C67"]
[NIC "RL.07"]
[Time "20:50:26"]
[TimeControl "180+2"]

1. e4 e5 2. Nf3 Nc6 3. Bb5 Nf6 4. O-O Nxe4 5. d4 Nd6 6. dxe5 Nxb5 7. a4 Nbd4
8. Nxd4 Nxd4 9. Qxd4 d5 10. a5 c6 11. Qd3 Be7 12. Qg3 g5 13. Nd2 h5 14. Nb3
h4 15. Qc3 Be6 16. a6 b6 17. Qxc6+ Kf8 18. Nd4 Qc8 19. c3 Qxc6 20. Nxc6 g4
21. Rd1 g3 22. Nxe7 gxf2+ 23. Kxf2 Kxe7 24. Bg5+ Kf8 25. h3 Rh5 26. Bf6 Rc8
27. Ra4 Ke8 28. Rad4 b5 29. Rb4 Rc5 30. Rdd4 Kd7 31. Rxh4 Rf5+ 32. Rhf4
Rxf4+ 33. Rxf4 Rc6 34. h4 Ke8 35. Rb4 Rb6 36. Ke3 Kf8 37. Kf4 Kg8 38. g4 Kh7
39. Be7 Rxa6 40. Rxb5 Ra4+ 41. b4 Ra1 42. Rb7 Rf1+ 43. Ke3 a6 44. g5 Kg6 45.
Ra7 Re1+ 46. Kd2 Rxe5 47. Rxa6 Re4 48. b5 Rxh4 49. b6 Rh2+ 50. Ke3 Rh8 51.
Bd6 Bc8 52. Ra8 Rh3+ 53. Kd4 Rh4+ 54. Ke3 Re4+ 55. Kd2 Rc4 56. Rxc8 Rxc8 57.
b7 Re8 58. b8=Q Rxb8 59. Bxb8 Kxg5 60. Ke3 Kf5 61. Kd4 Ke6 62. Bh2 f6 63.
Bg3 Kf5 64. Kxd5 Kg4 65. Bd6 f5 66. c4 Kf3 67. c5 Ke3 68. c6 f4 69. c7 f3
70. c8=Q f2 71. Bc5+ Ke2 72. Bxf2 Kxf2 73. Qh3 {Black resigns} 1-0

[Event "ICC tourney 2140 (3 2)"]
[Site "Internet Chess Club"]
[Date "2020.11.20"]
[Round "5"]
[White "chesssky"]
[Black "searchforbobby1"]
[Result "1/2-1/2"]
[ICCResult "Game drawn by mutual agreement"]
[WhiteElo "2055"]
[BlackElo "1877"]
[Opening "Réti v Dutch"]
[ECO "A04"]
[NIC "QP.11"]
[Time "20:50:30"]
[TimeControl "180+2"]

1. Nf3 f5 2. d4 Nf6 3. c4 e6 4. g3 d5 5. Bg2 c6 6. O-O Bd6 7. b3 Qe7 8. Bb2
O-O 9. Qc1 b6 10. Ba3 Bb7 11. Bxd6 Qxd6 12. Qa3 Qxa3 13. Nxa3 Kf7 14. Ne5+
Ke7 15. Rac1 Rc8 16. Rfd1 Nbd7 17. Nd3 Ba6 18. Nb4 Bb7 19. Nd3 Kd6 20. f4
Ne4 21. Bxe4 fxe4 22. Ne5 Nxe5 23. fxe5+ Ke7 24. Rf1 Rf8 25. Rxf8 Rxf8 26.
Rf1 Ba6 27. Rxf8 Kxf8 28. Kf2 Ke7 29. Ke3 Bc8 30. Nc2 Bd7 31. a3 Bc8 32. b4
Ba6 33. b5 Bb7 34. Nb4 cxb5 35. cxb5 Kd7 36. a4 Ke7 37. Kd2 Kd7 38. Kc3 Kc7
39. Nc2 Bc8 40. Ne1 Bd7 41. Ng2 Be8 42. Nf4 Kd7 43. h4 Bf7 44. g4 Ke7 45.
Kb4 Be8 46. e3 Bf7 47. a5 Be8 48. Ne2 Kd8 49. Nc3 Kc7 50. Na4 Bf7 51. Nc3
Be8 52. Ne2 Kd7 53. Nf4 Ke7 54. g5 Bf7 55. h5 Be8 56. axb6 axb6 57. Ka4 Kd7
58. Kb4 Ke7 59. g6 h6 60. Ne2 Kd7 61. Nc3 Kc7 62. Kb3 Kd7 63. Kc2 Kc7 64.
Kd2 Bd7 65. Ke2 Be8 66. Kf2 Bd7 67. Kg3 Be8 68. Kh4 Bd7 69. Kg3 Be8 70. Kh2
Bd7 71. Kg1 Be8 72. Kf1 Bd7 73. Ke1 Be8 74. Kd1 Bd7 75. Kc1 Be8 76. Kb2 Bd7
77. Ka3 Be8 78. Kb4 Bd7 79. Ne2 Kd8 80. Nf4 Ke7 81. Nh3 Be8 82. Nf2 Bd7 83.
Ng4 Be8 84. Ka4 Bd7 85. Nh2 Be8 86. Nf1 Kd7 87. Kb4 Ke7 88. Nd2 Kd7 89. Nb3
Kc7 {Game drawn by mutual agreement} 1/2-1/2

[Event "ICC tourney 2140 (3 2)"]
[Site "Internet Chess Club"]
[Date "2020.11.20"]
[Round "6"]
[White "breaker90"]
[Black "chesssky"]
[Result "1-0"]
[ICCResult "Black resigns"]
[WhiteElo "1717"]
[BlackElo "1989"]
[Opening "Caro-Kann: advance variation"]
[ECO "B12"]
[NIC "CK.02"]
[Time "21:02:48"]
[TimeControl "180+2"]

1. e4 c6 2. d4 d5 3. e5 c5 4. dxc5 e6 5. a3 Bxc5 6. b4 Bb6 7. Bb2 Ne7 8. Nf3
Nbc6 9. Nbd2 Nf5 10. Bd3 Nfe7 11. O-O Ng6 12. Re1 Bc7 13. c4 dxc4 14. Nxc4
O-O 15. Qc2 Qe7 16. Rad1 Rd8 17. Be4 Rb8 18. b5 Na5 19. Nd6 Bb6 20. h4 Nf8
21. Ng5 Rd7 22. Bxh7+ Kh8 23. Ndxf7+ Qxf7 24. Nxf7+ Rxf7 25. Bd4 Nxh7 26.
Bxb6 axb6 27. Rd8+ Nf8 28. Rxc8 Rxc8 29. Qxc8 Nb3 30. Rd1 Nc5 31. Rd8 Kg8
32. a4 Nxa4 33. Qxe6 Nc5 34. Qxb6 Nd7 35. Qd6 Kh7 36. e6 Rf6 37. Qd3+ Kh6
38. exd7 Nxd7 39. Rxd7 {Black resigns} 1-0

[Event "ICC tourney 2140 (3 2)"]
[Site "Internet Chess Club"]
[Date "2020.11.20"]
[Round "6"]
[White "GGuseinov"]
[Black "Gukesh"]
[Result "1-0"]
[ICCResult "Black checkmated"]
[WhiteElo "2792"]
[BlackElo "2015"]
[Opening "Caro-Kann: Tartakower (Nimzovich) variation"]
[ECO "B15"]
[NIC "CK.06"]
[Time "21:02:50"]
[TimeControl "180+2"]

1. e4 c6 2. d4 d5 3. Nd2 dxe4 4. Nxe4 Nf6 5. Nxf6+ exf6 6. c3 Bd6 7. Bd3 O-O
8. Ne2 Re8 9. O-O Nd7 10. Ng3 Nf8 11. f4 c5 12. d5 Bd7 13. c4 a6 14. f5 Be5
15. Qg4 g6 16. Bh6 b5 17. Kh1 Kh8 18. Rab1 Qc7 19. b3 Re7 20. Qh4 Ree8 21.
fxg6 Nxg6 22. Bxg6 fxg6 23. Rxf6 Kg8 24. Rbf1 Bxf6 25. Qxf6 Bf5 26. Nxf5
gxf5 27. Qxf5 Qe5 28. Qf7+ Kh8 29. d6 Rg8 30. d7 Qb2 31. Qd5 Qe2 32. Rg1
Rad8 33. Bf4 Rg7 34. Be5 Qg4 35. Rd1 Rxd7 36. Qa8+ Rd8 37. Qxd8#
{Black checkmated}
1-0

[Event "ICC tourney 2140 (3 2)"]
[Site "Internet Chess Club"]
[Date "2020.11.20"]
[Round "6"]
[White "Monkeybomb3605"]
[Black "SupaHotFiya"]
[Result "0-1"]
[ICCResult "White resigns"]
[WhiteElo "1518"]
[BlackElo "1783"]
[Opening "Pirc: classical (two knights) system"]
[ECO "B06"]
[NIC "PU.10"]
[Time "21:02:56"]
[TimeControl "180+2"]

1. e4 g6 2. d4 Bg7 3. Nf3 d6 4. Nc3 Nf6 5. Be3 O-O 6. h3 Nc6 7. Be2 e5 8.
dxe5 Nxe5 9. Nxe5 dxe5 10. O-O Be6 11. Bf3 c6 12. Bc5 Re8 13. Qe2 b6 14. Be3
Qc7 15. Rfd1 Rad8 16. a4 Rxd1+ 17. Rxd1 Rd8 18. Kh2 Bf8 19. Bg5 Be7 20.
Rxd8+ Qxd8 21. Qd1 Qxd1 22. Bxd1 Kg7 23. Be3 Nd7 24. a5 Bc5 25. Bxc5 Nxc5
26. axb6 axb6 27. Be2 f5 28. exf5 gxf5 29. f3 Kf6 30. Kg3 b5 31. Kf2 b4 32.
Nd1 f4 33. b3 Bf5 34. Nb2 Bxc2 35. Bc4 Bxb3 36. Bxb3 Nxb3 37. Ke2 Nd4+ 38.
Kd3 Ke6 39. Kc4 Nc2 40. Nd3 Ne3+ 41. Kxb4 Nxg2 42. Kc5 Nh4 43. Kxc6 Nxf3 44.
Nc5+ Kf5 45. Kd5 Ng1 46. Nd7 f3 47. Nxe5 f2 48. Nc4 Nxh3 49. Ne3+ Kf4 50.
Nf1 Kf3 51. Kd4 h5 52. Ke5 h4 53. Kf5 Nf4 54. Kg5 Ng2 55. Nh2+ Ke2 56. Kg4
f1=Q 57. Nxf1 Kxf1 58. Kh3 Kf2 59. Kg4 Kg1 60. Kh3 Kh1 61. Kg4 Kh2 62. Kf3
h3 63. Kf2 Nf4 64. Kf1 Nd3 65. Ke2 Kg2 {White resigns} 0-1